AoeStats
← Szorinx

Arena

510363773Analyzed
4v4 RM · 14h ago on Sep 30, 2026· 47m 33s· 8 players
Game mode
Random Map
Map size
Large (8 player)
Population
200
Speed
Normal
Resources
Standard
Victory
Conquest
Starting age
Dark Age
Ending age
Imperial Age
RankedLock teamsTeams togetherTeam positionsShared explorationLock speedFull tech treeHidden civsTurbo modeCheats
Victory
Defeat
🇮🇳 Celts · India
1357
+14
🇩🇪 Bohemians · Germany
1355
+14
🇩🇪 Hindustanis · Germany
1304
+16
🇸🇪 Ethiopians · Sweden
1226
+20
🇺🇸 Inca · United States
1369
-18
🇨🇳 Danes · China
1331
-17
🇯🇵 Bulgarians · Japan
1276
-15
🇧🇷 Gurjaras · Brazil
1268
-14
WILL_THE_AVERAGE
10:45 Feudal Age
14:31 Castle Age
12:22 Double-Bit Axe
12:47 Horse Collar
15:50 Bow Saw
15:41 Heavy Plow
21:47 Wheelbarrow
20:58 Loom
22:08 Fletching
22:19 Scale Mail Armor
22:39 Bodkin Arrow
22:40 Champi Runner
24:35 Squires
25:14 Chain Mail Armor
25:09 Forging
27:17 Champi Warrior
29:15 Squires
32:02 Hand Cart
31:32 Town Watch
34:24 Imperial Age
33:44 Iron Casting
33:36 Gold Mining
33:36 Stone Mining
35:46 Plate Mail Armor
36:17 Blast Furnace
34:45 Elite Champi Warrior
37:09 Arson
37:31 Bracer
39:55 Padded Archer Armor
39:33 Capped Ram
不会进攻
10:00 Feudal Age
14:08 Castle Age
12:25 Double-Bit Axe
17:27 Loom
18:58 Wheelbarrow
23:47 Hand Cart
25:22 Bow Saw
30:39 Imperial Age
28:23 Squires
28:51 Gambesons
29:21 Forging
29:04 Horse Collar
31:01 Scale Mail Armor
31:36 Iron Casting
31:11 Heavy Plow
32:04 Conscription
32:20 Hoardings
31:31 Heavy Scorpion
32:49 Ballistics
33:49 Siege Engineers
34:45 Chemistry
dionathanbh
11:09 Feudal Age
15:13 Castle Age
21:31 Town Watch
23:41 Double-Bit Axe
23:48 Loom
25:34 Horse Collar
27:42 Forging
28:19 Wheelbarrow
28:21 Gold Mining
28:21 Stone Mining
29:26 Iron Casting
29:34 Heavy Plow
29:48 Bow Saw
33:28 Imperial Age
31:59 Scale Mail Armor
32:08 Kshatriyas
32:41 Hand Cart
34:24 Chain Mail Armor
33:32 Elite Chakram Thrower
34:26 Elite Chakram Thrower
35:41 Ballistics
36:22 Chemistry
36:05 Plate Mail Armor
37:53 Scale Barding Armor
43:34 Conscription
43:40 Light Cavalry
44:30 Bloodlines
44:20 Husbandry
44:45 Chain Barding Armor
45:26 Hussar
KJI
10:29 Feudal Age
14:28 Castle Age
12:29 Double-Bit Axe
12:27 Horse Collar
16:09 Heavy Plow
16:24 Bow Saw
20:28 Heavy Plow
23:38 Scale Mail Armor
24:15 Forging
25:17 Wheelbarrow
24:27 Loom
25:45 Squires
26:49 Chain Mail Armor
27:20 Gold Mining
28:42 Iron Casting
31:54 Imperial Age
29:17 Fletching
30:14 Gambesons
31:49 Stone Mining
32:34 Gold Shaft Mining
32:06 Bodkin Arrow
32:31 Pikeman
33:56 Plate Mail Armor
34:26 Blast Furnace
33:23 Capped Ram
33:29 Halberdier
34:59 Bagains
35:19 Conscription
34:49 Siege Ram
36:01 Bracer
46:42 Masonry
NotADuck
10:56 Feudal Age
14:43 Castle Age
13:24 Double-Bit Axe
15:37 Bow Saw
16:07 Loom
19:58 Wheelbarrow
20:19 Town Watch
20:33 Horse Collar
22:08 Hand Cart
23:06 Scale Barding Armor
23:25 Heavy Plow
23:54 Gold Mining
27:47 Imperial Age
26:23 Gold Shaft Mining
25:39 Stone Mining
28:03 Chain Barding Armor
27:53 Forging
27:55 Fortified Wall
27:57 Heavy Camel Rider
29:00 Bloodlines
28:50 Husbandry
29:54 Chemistry
29:57 Plate Barding Armor
29:48 Imperial Camel Rider
31:07 Iron Casting
30:25 Fletching
31:28 Stone Shaft Mining
33:06 Siege Elephant
35:04 Blast Furnace
34:02 Bodkin Arrow
34:19 Masonry
36:01 Bracer
36:03 Padded Archer Armor
38:46 Light Cavalry
40:08 Siege Engineers
40:24 Ballistics
40:24 Leather Archer Armor
39:38 Hussar
40:52 Thumb Ring
45:31 Town Patrol
Jesus_was_black
0:31 Loom
10:34 Feudal Age
14:43 Castle Age
13:46 Double-Bit Axe
13:50 Horse Collar
16:49 Scale Mail Armor
25:11 Chain Mail Armor
25:07 Forging
29:05 Iron Casting
29:01 Gold Mining
29:20 Heavy Plow
41:55 Imperial Age
40:08 Wheelbarrow
43:09 Conscription
42:10 Elite Shotel Warrior
44:47 Blast Furnace
44:18 Plate Mail Armor
46:21 Squires
46:06 Arson
46:58 Bow Saw
47:18 Royal Heirs
Szorinx
10:12 Feudal Age
11:12 Feudal Age
15:46 Castle Age
13:50 Horse Collar
15:55 Double-Bit Axe
22:05 Wheelbarrow
23:57 Hand Cart
23:33 Town Watch
23:36 Loom
28:24 Imperial Age
26:06 Heavy Plow
26:18 Bow Saw
27:16 Fervor
27:27 Sanctity
27:10 Padded Archer Armor
29:20 Chemistry
28:37 Leather Archer Armor
28:27 Squires
31:52 Ring Archer Armor
31:29 Houfnice
32:35 Siege Engineers
33:24 Wagenburg Tactics
33:40 Conscription
33:36 Masonry
33:37 Fortified Wall
47:02 Fletching
47:13 Scale Mail Armor
47:23 Forging
47:35 Ballistics
47:46 Architecture
47:12 Murder Holes
snek_fan
9:43 Feudal Age
14:07 Castle Age
12:36 Double-Bit Axe
12:46 Horse Collar
20:41 Bow Saw
20:41 Heavy Plow
23:19 Wheelbarrow
22:39 Town Watch
30:08 Imperial Age
28:18 Hand Cart
27:48 Loom
28:27 Gold Mining
28:54 Scale Mail Armor
28:42 Arson
30:49 Chain Mail Armor
32:24 Conscription
35:26 Stone Mining
36:41 Elite Woad Raider
38:10 Forging
41:26 Iron Casting
41:34 Masonry
43:02 Plate Mail Armor
44:30 Fletching
45:08 Ballistics
44:21 Capped Ram
45:36 Siege Ram
Connection lost

Rejoining the realm…

Still unreachable

The connection could not be restored.

Session expired

The server has moved on; the page needs a fresh start.